 Dungeon Crawl Stone Soup version 0.30-a0-187-gd9c2deaf24 (webtiles) character file.

Game seed: 10468161881054778646

17500 scionoferis the Slicer (level 12, -7/75 HPs)
             Began as a Kobold Brigand on Oct 3, 2022.
             Was a Follower of Uskayaw.
             Mangled by a minotaur
             ... wielding a +2 vampiric battleaxe
              (13 damage)
             ... in a Gauntlet.
             The game lasted 00:41:44 (12460 turns).

scionoferis the Slicer (Kobold Brigand)            Turns: 12460, Time: 00:41:44

Health: -7/75      AC: 10    Str: 11    XL:     12   Next: 83%
Magic:  12/19      EV: 25    Int: 16    God:    Uskayaw [*.....]
Gold:   808        SH:  0    Dex: 19    Spells: 11/11 levels left

rFire   . . .      SeeInvis .    b - +4 short sword (freeze)
rCold   . . .      Faith    +    (no shield)
rNeg    . . .      Spirit   .    s - +0 steam dragon scales
rPois   .          Reflect  .    (no helmet)
rElec   .          Harm     .    c - +0 cloak
rCorr   .          Rampage  .    l - +2 pair of gloves of the Onion {Int+4}
Will    +....      NoTele   +    (no boots)
Stlth   +++++.....               D - amulet of faith
HPRegen 0.32/turn                r - +4 ring of evasion
MPRegen 0.16/turn                M - ring of willpower

@: mighty
A: small, no large weapons, nightstalker 3
a: Renounce Religion, Stomp


You were in a Gauntlet.
You worshipped Uskayaw.
Uskayaw was aware of your devotion.
You visited 2 branches of the dungeon, and saw 13 of its levels.
You also visited: Gauntlet.

You collected 808 gold pieces.

Inventory:

Hand Weapons
 a - the +9 long sword "Meepp" {flame, Fly rN+ Str+2 Int-2}
   (You acquired it on level 3 of the Dungeon)

   It burns those it strikes, dealing additional fire damage.
   Big, fiery blades are also staple armaments of hydra-hunters.
   Str:       It affects your strength (+2).
   Int:       It affects your intelligence (-2).
   rN:        It protects you from negative energy.
   Fly:       It grants you flight.
 b - a +4 short sword of freezing (weapon)
 i - the +4 war axe "Foyd" {pain, +Blink rC- Will+}
   (You found it in a Gauntlet)

   In the hands of one skilled in necromantic magic, it inflicts extra damage on
   living creatures.
   rC:        It makes you vulnerable to cold.
   +Blink:    It lets you blink.
   Will:      It increases your willpower.
 t - the +10 falchion of Amorality {spect, MP+9 Str+2}
   (You found it in a Gauntlet)

   When its wielder attacks, the weapon's spirit leaps out and strikes again.
   The spirit shares a part of any damage it takes with its wielder.
   Str:       It affects your strength (+2).
   MP:        It affects your magic capacity (+9).
 E - a +3 scimitar of flaming
 I - the +2 falchion of Wu Jian's Whim {elec, rElec rPois rN+ Stlth+}
   (You found it on level 6 of the Dungeon)

   It occasionally discharges a powerful burst of electricity upon striking a
   foe.
   rElec:     It insulates you from electricity.
   rPois:     It protects you from poison.
   rN:        It protects you from negative energy.
   Stlth:     It makes you more stealthy.
Missiles
 d - 33 poisoned darts (quivered)
 e - a curare-tipped dart
 N - 5 atropa-tipped darts
Armour
 c - a +0 cloak (worn)
 l - the +2 pair of gloves of the Onion (worn) {Int+4}
   (You found it in a Gauntlet)

   Int:       It affects your intelligence (+4).
 s - +0 steam dragon scales (worn)
 J - a +1 pair of gloves
Jewellery
 r - a +4 ring of evasion (left hand)
 B - an amulet of reflection
 D - an amulet of faith (around neck)
 M - a ring of willpower (right hand)
 P - a ring of resist corrosion
 S - a ring of ice
Wands
 v - a wand of light (7)
 z - a wand of roots (11)
 C - a wand of flame (24)
 F - a wand of paralysis (9)
 H - a wand of polymorph (10)
Scrolls
 g - 2 scrolls of summoning
 n - 5 scrolls of fear
 u - 2 scrolls of magic mapping
 T - a scroll of identify
Potions
 h - a potion of degeneration {unknown}
 j - 3 potions of flight
 k - 3 potions of lignification {unknown}
 m - a potion of might
 o - 9 potions of curing
 p - 2 potions of magic {unknown}
 q - 2 potions of haste {unknown}
 w - 2 potions of heal wounds
 x - 2 potions of experience {unknown}
 A - a potion of invisibility {unknown}
 G - 2 potions of mutation {unknown}
 L - 3 potions of berserk rage {unknown}
 O - a potion of cancellation {unknown}
 Q - 2 potions of resistance {unknown}
Miscellaneous
 f - a phantom mirror


   Skills:
 + Level 8.6 Fighting
 - Level 10.5(12.0) Short Blades
 * Level 6.0(7.4) Long Blades
 - Level 2.1 Throwing
 + Level 6.1 Armour
 + Level 9.2 Dodging
 + Level 8.8 Stealth
 * Level 10.0 Invocations
 + Level 5.1 Evocations


You had 11 spell levels left.
You didn't know any spells.
Your spell library contained the following spells:

 Spells                   Type           Power      Damage    Failure   Level
 Apportation              Tloc           0%         N/A       26%         1
 Kiss of Death            Conj/Necr      0%         2d5       26%         1
 Magic Dart               Conj           0%         1d3       26%         1
 Necrotise                Necr           0%         1d4       26%         1
 Summon Small Mammal      Summ           0%         N/A       26%         1
 Searing Ray              Conj           0%         2d4       36%         2
 Confusing Touch          Hex            0%         N/A       58%         3
 Gell's Gravitas          Tloc           0%         N/A       58%         3
 Inner Flame              Hex/Fire       0%         N/A       58%         3
 Stone Arrow              Conj/Erth      0%         3d7       58%         3
 Teleport Other           Tloc           0%         N/A       58%         3
 Animate Armour           Summ/Erth      0%         N/A       94%         4
 Animate Dead             Necr           0%         N/A       94%         4
 Cause Fear               Hex            0%         N/A       94%         4
 Dispel Undead            Necr           0%         3d6       94%         4
 Fulminant Prism          Conj/Hex       0%         3d6       94%         4
 Alistair's Intoxication  Tmut/Pois      0%         N/A       100%        5
 Borgnjor's Vile Clutch   Necr/Erth      0%         N/A       100%        5
 Dispersal                Tloc           0%         N/A       100%        6
 Eringya's Noxious Bog    Tmut/Pois      0%         N/A       100%        6
 Haunt                    Necr/Summ      0%         N/A       100%        7
 Discord                  Hex            0%         N/A       100%        8
 Infestation              Necr           0%         N/A       100%        8
 Lehudib's Crystal Spear  Conj/Erth      0%         10d2      100%        8


Dungeon Overview and Level Annotations

Branches:
Dungeon (12/15)            Temple (1/1) D:4            Lair (0/5) D:8
Gauntlet (1/1)
    Orc: D:9-12

Altars:
Ashenzari
Cheibriados
Dithmenos
Elyvilon
Fedhas
Gozag
Hepliaklqana
Kikubaaqudgha
Makhleb
Nemelex Xobeh
Okawaru
Qazlal
Ru
Sif Muna
Trog
Uskayaw
Vehumet
Wu Jian
Xom
Yredelemnul
Zin
The Shining One

Shops:
D:4 !   D:5 *

Portals:
Trove: D:10 (give +3 gold dragon scales)

Annotations:
Gauntlet 8 transporters, 3 runed translucent doors


Innate Abilities, Weirdness & Mutations

You are small and have problems with some larger weapons.
You are completely attuned to the shadows.


Message History

The minotaur unwields a +2 vorpal hand crossbow.
The minotaur wields a +2 vampiric battleaxe.
The minotaur barely misses you. The minotaur misses you.
You slash the minotaur!
The minotaur is lightly wounded.
You slice the minotaur!!
The minotaur is heavily wounded.
The minotaur closely misses you.
The minotaur gores you but does no damage.
You hit the minotaur but do no damage.
The minotaur is heavily wounded.
The minotaur is no longer moving slowly.
The minotaur completely misses you. The minotaur gores you!
You hit the minotaur. Lightning courses through the minotaur!
The minotaur is severely wounded.
The minotaur hits you with a +2 vampiric battleaxe!!!
Ouch! That really hurt!
* * * LOW HITPOINT WARNING * * *
The minotaur barely misses you.
You can now pass through a line of other dancers.
Aiming: Line Pass
Press: ? - help, Dir - move target, p - minotaur The minotaur appears confused.
You can no longer pass through a line of other dancers.
The +2 falchion of Wu Jian's Whim {elec, rElec rPois rN+ Stlth+} stops crackling.
Your +4 short sword of freezing glows with a cold blue light!
b - a +4 short sword of freezing (weapon)
You puncture the minotaur! You freeze the minotaur.
The minotaur is severely wounded.
You can now pass through a line of other dancers.
The minotaur seems less confused.
The minotaur closely misses you. x2
You puncture the minotaur! You freeze the minotaur.
The minotaur is almost dead.
Aiming: Line Pass
Press: ? - help, Dir - move target The minotaur appears confused.
You can no longer pass through a line of other dancers.
The minotaur seems less confused.
The minotaur hits you with a +2 vampiric battleaxe!
You die...

#### #### ###8.#8.8#.8###
#....#...#....# #.#..#8.8#..#.#
#.#..##'##..#.# #.....(H......#
#.#.##@#.##.#.# #.#....#....#.#
###.#.#######.#.###
#.................#
#.♣.♣.©.©.©.©.♣.♣.#
#.................# ## ###
####################
≈###≈###≈###...........###≈###≈##
≈≈#≈≈≈#≈≈≈#..♣.......♣..#≈≈≈#≈≈≈#


You could see a minotaur (poisoned).

Vanquished Creatures
  Erica (D:10)
  A centaur warrior (D:10)
  2 two-headed ogres
  A boulder beetle (D:8)
  A tengu warrior (D:10)
  A soul eater (D:11)
  Amaemon (D:10)
  A sixfirhy (D:11)
  Pikel (D:7)
  An ugly thing (D:12)
  A cyclops (D:11)
  Joseph (D:10)
  2 orange demons
  A smoke demon (Gauntlet)
  2 trolls
  5 hornets
  6 shadows (Gauntlet)
  4 wyverns
  9 yaks
  A wraith (D:9)
  2 vampire mosquitoes (D:11)
  2 steam dragons (D:9)
  A neqoxec (D:11)
  3 water moccasins
  2 ice beasts
  4 sky beasts
  2 ogres (D:5)
  3 black bears
  2 orc warriors
  2 centaurs
  A lemure (D:7)
  4 kobold brigands
  A gnoll sergeant (D:10)
  2 bullfrogs (D:6)
  3 scorpions
  18 wights
  8 killer bees
  6 electric eels (D:10)
  7 howler monkeys
  3 crimson imps (Gauntlet)
  A jelly (D:5)
  3 orc priests
  A gnoll bouda (D:10)
  3 hounds
  2 iguanas (D:5)
  Ijyb (D:5)
  8 orc wizards
  5 adders
  10 gnolls
  A shadow imp (D:7)
  2 white imps
  An ufetubus (D:5)
  A worm (D:2)
  16 orcs
  8 endoplasms
  2 giant cockroaches
  5 goblins
  11 hobgoblins
  3 jackals (D:3)
  4 quokkas
  6 ball pythons
  2 bats
  3 frilled lizards
  29 kobolds
  3 rats (D:2)
250 creatures vanquished.

Vanquished Creatures (others)
  7 fungi
  13 plants
  A withered plant (Gauntlet)
21 creatures vanquished.

Grand Total: 271 creatures vanquished

Notes
Turn   | Place    | Note
-------+----------+-------------------------------------------
     0 | D:1      | scionoferis the Kobold Brigand began the quest for the Orb.
     0 | D:1      | Reached XP level 1. HP: 12/12 MP: 1/1
   137 | D:1      | Reached XP level 2. HP: 17/17 MP: 2/2
   773 | D:2      | Reached XP level 3. HP: 22/22 MP: 3/3
  1170 | D:2      | Reached XP level 4. HP: 22/27 MP: 4/4
  1238 | D:3      | Identified a scroll of acquirement
  1429 | D:3      | Reached skill level 1 in Armour
  1643 | D:3      | Found an opulent altar of Gozag.
  1694 | D:3      | Noticed a great orb of eyes
  1696 | D:3      | Noticed an eye of devastation
  1741 | D:3      | You fall into a shaft and drop 1 floor!
  1930 | D:3      | Found a faded altar of an unknown god.
  1930 | D:3      | Noticed a shining eye
  1933 | D:3      | Noticed a floating eye
  2120 | D:4      | Reached XP level 5. HP: 9/32 MP: 5/5
  2228 | D:3      | Acquired the +9 long sword "Meepp" {flame, Fly rN+ Str+2
                  | Int-2}
  2383 | D:4      | Found a staircase to the Ecumenical Temple.
  2389 | Temple   | Entered the Ecumenical Temple
  2544 | Temple   | Became a worshipper of Uskayaw the Reveller
  2696 | D:4      | Found Saoruc's Distillery.
  2855 | D:5      | Entered Level 5 of the Dungeon
  2859 | D:5      | Noticed a water moccasin
  2863 | D:5      | Killed a water moccasin
  2863 | D:5      | Reached * piety under Uskayaw
  2863 | D:5      | Reached ** piety under Uskayaw
  2864 | D:5      | Reached skill level 5 in Short Blades
  2864 | D:5      | Reached skill level 1 in Long Blades
  2864 | D:5      | Reached XP level 6. HP: 30/37 MP: 6/6
  2945 | D:5      | Noticed an ogre
  2949 | D:5      | Killed an ogre
  2950 | D:5      | Reached XP level 7. HP: 42/42 MP: 7/7
  3028 | D:5      | Reached *** piety under Uskayaw
  3318 | D:5      | Noticed a water moccasin
  3329 | D:5      | Killed a water moccasin
  3330 | D:5      | Reached XP level 8. HP: 19/48 MP: 8/8
  3331 | D:5      | Reached **** piety under Uskayaw
  3606 | D:5      | Noticed Ijyb
  3610 | D:5      | Killed Ijyb
  3708 | D:5      | Found Sier Gong's Neck Hole.
  4188 | D:6      | Reached skill level 1 in Invocations
  4190 | D:6      | Reached skill level 5 in Dodging
  4209 | D:6      | Reached skill level 5 in Fighting
  4420 | D:6      | Found a sparkling altar of Nemelex Xobeh.
  4424 | D:6      | Found a radiant altar of Vehumet.
  4429 | D:6      | Found an ornate altar of the Wu Jian Council.
  4431 | D:6      | Found an iron altar of Okawaru.
  4729 | D:6      | Reached XP level 9. HP: 54/54 MP: 9/11
  4982 | D:6      | Identified the +2 falchion of Wu Jian's Whim {elec, rElec
                  | rPois rN+ Stlth+}
  5072 | D:6      | Found a glowing golden altar of the Shining One.
  5075 | D:6      | Noticed an angel
  5094 | D:6      | Found a basalt altar of Yredelemnul.
  5097 | D:6      | Noticed a profane servitor
  5296 | D:7      | Noticed Pikel
  5302 | D:7      | Killed Pikel
  5426 | D:7      | Reached skill level 5 in Invocations
  5438 | D:7      | Reached ***** piety under Uskayaw
  5453 | D:7      | Reached XP level 10. HP: 52/60 MP: 13/13
  6049 | D:8      | Found a staircase to the Lair.
  6068 | D:8      | Found a hazy altar of Hepliaklqana.
  6395 | D:8      | Paralysed by a hornet for 3 turns
  6584 | D:8      | Noticed a boulder beetle
  6600 | D:8      | Killed a boulder beetle
  7315 | D:9      | Reached skill level 5 in Armour
  7315 | D:9      | Reached skill level 1 in Evocations
  7315 | D:9      | Reached XP level 11. HP: 12/67 MP: 9/16
  8208 | D:9      | Noticed a two-headed ogre
  8230 | D:9      | Killed a two-headed ogre
  8414 | D:9      | Found a white marble altar of Elyvilon.
  8463 | D:10     | Entered Level 10 of the Dungeon
  8482 | D:10     | Noticed Joseph
  8496 | D:10     | Reached skill level 5 in Long Blades
  8654 | D:10     | Killed Joseph
  8989 | D:10     | Noticed Amaemon
  9009 | D:10     | Killed Amaemon
  9187 | D:10     | Found a portal to a secret trove of treasure.
  9218 | D:10     | Noticed Erica
  9380 | D:10     | Killed Erica
  9588 | D:10     | Noticed a centaur warrior
  9592 | D:10     | Killed a centaur warrior
  9749 | D:10     | Noticed a tengu warrior
  9754 | D:10     | Killed a tengu warrior
  9755 | D:10     | Reached XP level 12. HP: 73/73 MP: 18/18
 10371 | D:11     | Identified the +7 great sword of the Whelk {vorpal, Fragile
                  | rPois Int+2}
 10593 | D:11     | Reached skill level 10 in Short Blades
 10986 | D:11     | Noticed a sixfirhy
 10988 | D:11     | Noticed a soul eater
 10990 | D:11     | Killed a sixfirhy
 11006 | D:11     | Killed a soul eater
 11391 | D:11     | Noticed a two-headed ogre
 11409 | D:11     | Killed a two-headed ogre
 11473 | D:12     | Found a gate leading to a gauntlet.
 11490 | Gauntlet | Entered a Gauntlet
 11490 | Gauntlet | Found a transporter.
 11506 | Gauntlet | Found a transporter.
 11525 | Gauntlet | Found a runed translucent gate.
 11535 | Gauntlet | Found a transporter.
 11535 | Gauntlet | Found a runed translucent gate.
 11536 | Gauntlet | Found a runed translucent gate.
 11538 | Gauntlet | Noticed a thrashing horror
 11545 | Gauntlet | Found a transporter.
 11563 | Gauntlet | Noticed a catoblepas
 11573 | Gauntlet | Found a transporter.
 11583 | Gauntlet | Found a transporter.
 11595 | Gauntlet | Found a transporter.
 11609 | Gauntlet | Found a transporter.
 11619 | Gauntlet | Noticed a blizzard demon
 11620 | Gauntlet | Found a transporter.
 11641 | Gauntlet | Found a transporter.
 11654 | Gauntlet | Found a transporter.
 11732 | Gauntlet | Noticed a thrashing horror
 11741 | Gauntlet | Found a transporter.
 11837 | Gauntlet | Found a transporter.
 12137 | Gauntlet | Found a transporter.
 12141 | Gauntlet | Identified the +4 war axe "Foyd" {pain, +Blink rC- Will+}
 12227 | Gauntlet | Identified the +2 pair of gloves of the Onion {Int+4}
 12231 | Gauntlet | Identified the +10 falchion of Amorality {spect, MP+9
                  | Str+2}
 12239 | Gauntlet | Reached skill level 5 in Evocations
 12251 | Gauntlet | Reached skill level 10 in Invocations
 12408 | Gauntlet | Identified the +1 ring mail of the Pits of Slime {rN+ SInv}
 12408 | Gauntlet | Noticed a minotaur
 12460 | Gauntlet | Mangled by a minotaur

Illustrated notes

Levels and vault maps discovered:
D:1:      psy_arrival_statuary, layout_rooms, minmay_misc_feat_ornament,
          dreamdust_mushroom_princess, minmay_hedge_maze
D:2:      layout_rooms, minmay_domino_2
D:3:      layout_basic, nicolae_gozag_seed_capital,
          hellmonk_ecumenical_altar_watching_god, hangedman_decor_push
D:4:      layout_rooms, minmay_temple_entry_statues_pillars, serial_shops,
          kennysheep_mini
D:5:      layout_cave_pods, grunt_ministairs_15,
          nicolae_shop_sticking_my_neck_out, uniq_ijyb
D:6:      black_bear_nest_1, layout_loops_ring, grunt_temple_overflow_holy_war,
          grunt_temple_overflow_cloverleaf, amcnicky_mini_pool_small
D:7:      layout_basic, uniq_pikel
D:8:      layout_basic, nicolae_hepliaklqana_hazy_memory, lair_entry_dummy
D:9:      layout_loops_ring, mainiacjoe_overflow_surrounded_room
D:10:     cheibrodos_two_vegetables, layout_gridville, enter_trove_6,
          uniq_erica, uniq_amaemon, uniq_joseph
D:11:     layout_gridville, serial_demonic, serial_demonic_a, serial_demonic_g,
          serial_demonic_e, serial_demonic_f
D:12:     layout_rooms, orc_0_dummy, gauntlet_entry_generic,
          grunt_dithmenos_smoke
Temple:   hellmonk_temple_forest_ring
Gauntlet: minmay_gauntlet_77_tree [minmay_gauntlet_arena_77_hold_the_fort,
          minmay_gauntlet_arena_77_double_cross, minmay_gauntlet_arena_77_mess,
          minmay_gauntlet_arena_77_museum, minmay_gauntlet_arena_77_two_paths,
          minmay_gauntlet_arena_77_mirror, minmay_gauntlet_arena_77_run_for_it,
          nicolae_gauntlet_exit_dead_adventurers]

Skill      XL: |  1  2  3  4  5  6  7  8  9 10 11 12 |
---------------+-------------------------------------+-----
Short Blades   | 3 4 5 6 7 8 9 10 | 10.5
Dodging        | 2 3 4 5 6 7 8 9 |  9.2
Armour         | 1 2 3 4 5 6 |  6.1
Fighting       | 3 4 5 6 7 8 |  8.6
Long Blades    | 1 2 3 4 5 6 |  6.0
Invocations    | 2 5 7 8 10 | 10.0
Stealth        | 6 7 8 |  8.8
Evocations     | 1 3 5 |  5.1
Throwing       | |  2.1

Action                   |  1- 3 |  4- 6 |  7- 9 | 10-12 || total
-------------------------+-------+-------+-------+-------++-------
Melee: Dagger            |    68 |   124 |     9 |       ||   201
       Punch             |     1 |       |     1 |     3 ||     5
       Long sword        |       |     7 |    88 |   250 ||   345
       Short sword       |       |       |    18 |    50 ||    68
       Falchion          |       |       |    43 |    89 ||   132
Throw: Dart              |       |     1 |       |    17 ||    18
       Throwing net      |       |       |       |     1 ||     1
Invok: Stomp             |       |       |       |     4 ||     4
       Line Pass         |       |       |       |     3 ||     3
Evoke: Wand              |       |       |       |     3 ||     3
  Use: Scroll            |       |     7 |     1 |     6 ||    14
       Potion            |       |     2 |     1 |     6 ||     9
 Stab: Sleeping          |    19 |    13 |    15 |    14 ||    61
       Distracted        |     1 |       |     1 |     3 ||     5
       Paralysed         |       |       |    11 |    31 ||    42
Armor: Robe              |     4 |       |       |       ||     4
       Leather armour    |     1 |     1 |       |       ||     2
       Ring mail         |       |    25 |    28 |    28 ||    81
       Steam dragon scal |       |       |       |    21 ||    21
Dodge: Dodged            |    35 |    73 |   104 |   321 ||   533
Block: Other             |       |       |    29 |    39 ||    68
       Reflection        |       |       |     1 |     1 ||     2

Table legend: (Time is in decaauts)
 A = Elapsed time spent in this place.
 B = Non-inter-level travel time spent in this place.
 C = Inter-level travel time spent in this place.
 D = Time resting spent in this place.
 E = Time spent auto-exploring this place.
 F = Levels seen in this place.
 G = Mean time per level.
                   A        B        C        D        E       F      G
               +--------+--------+--------+--------+--------+-----+--------+
         Total |  12368 |  12065 |    303 |   1170 |   8144 |  14 |  883.4 |
       Dungeon |  11227 |  10951 |    276 |   1049 |   7741 |  12 |  935.6 |
        Temple |    174 |    147 |     27 |      0 |    133 |   1 |  174.0 |
      Gauntlet |    966 |    966 |      0 |    121 |    270 |   1 |  966.0 |
               +--------+--------+--------+--------+--------+-----+--------+

Top non-repeatable levels by time:
    D:10: 1519 daAuts
     D:8: 1323 daAuts
    D:11: 1317 daAuts
     D:9: 1293 daAuts
     D:5: 1248 daAuts
     D:6: 967 daAuts
Gauntlet: 966 daAuts
     D:3: 842 daAuts
     D:7: 834 daAuts
     D:1: 745 daAuts
     D:4: 625 daAuts
     D:2: 492 daAuts
  Temple: 174 daAuts
    D:12: 16 daAuts
